Cogmind - Beta 13 @@@ ROGUE MODE // 2024.04.09 @ 02:53:13 Player: Zaros426 Result: Destroyed by DAS Turret with DAS Cannon Performance ------------- Evolutions (0) 0 Regions Visited (3) 600 Robots Destroyed (5) 25 Value Destroyed (43) 43 Prototype IDs (23) 460 Alien Tech Used (0) 0 Bonus (197) 197 TOTAL SCORE: 1325 Bonus ------- Aligned with FarCom 300 Friendly Fire -103 Cogmind --------- Core Integrity 0/250 Matter 149/300 Energy 98/100 System Corruption 0% Temperature Cool (0) Movement Core (50) Location -10/Exiles Parts ------- > --- POWER (1) -------- (None) > --- PROPULSION (2) --- (None) > --- UTILITY (2) ------ 0b10 Alert Chip > --- WEAPON (2) ------- (None) > --- INVENTORY (5) ---- Large Storage Unit Light Armor Plating Light Armor Plating Light Armor Plating Peak State ------------ > --- POWER ------------ Ion Engine > --- PROPULSION ------- Wheel Wheel > --- UTILITY ---------- Large Storage Unit Signal Interpreter > --- WEAPON ----------- Light Assault Rifle Light Assault Rifle > --- INVENTORY -------- Fission Core Fission Core Light Fission Core Improved Terrain Scanner 0b10 Alert Chip Light Armor Plating Light Armor Plating Light Armor Plating Light Armor Plating Light Armor Plating Chronowheel Grenade Launcher Deploy-a-Sentry Deploy-a-Sentry Deploy-a-Sentry [Rating: 13] Favorites ----------- Power Ion Engine Engine Ion Engine Propulsion Wheel Wheel Wheel Utility Large Storage Unit Device Improved Terrain Scanner Storage Large Storage Unit Processor Signal Interpreter Protection Light Armor Plating Weapon Light Assault Rifle Ballistic Gun Light Assault Rifle Launcher Grenade Launcher Build | -11 -10 -10 -10 ------- Run | Yrd Mat Min Exi Slots Evolved . | . . . . Power . | . . . . Propulsion . | . . . . Utility . | . . . . Weapon . | . . . . Parts Attached 15 | 7 2 . 6 Power 1 | 1 . . . Engine 1 | 1 . . . Core . | . . . . Reactor . | . . . . Propulsion 2 | 2 . . . Treads . | . . . . Leg . | . . . . Wheel 2 | 2 . . . Hover . | . . . . Flight . | . . . . Utility 8 | 2 2 . 4 Device 1 | 1 . . . Storage 2 | 1 1 . . Processor 2 | . 1 . 1 Hackware . | . . . . Protection 3 | . . . 3 Artifact . | . . . . Weapon 4 | 2 . . 2 Energy Gun . | . . . . Energy Cannon . | . . . . Ballistic Gun 3 | 2 . . 1 Ballistic Cannon . | . . . . Launcher 1 | . . . 1 Special Weapon . | . . . . Impact Weapon . | . . . . Slashing Weapon . | . . . . Piercing Weapon . | . . . . Special Melee Weapon . | . . . . Unidentified Prototypes . | . . . . Parts Lost 8 | . . . 8 Power 1 | . . . 1 Propulsion 2 | . . . 2 Utility 2 | . . . 2 Weapon 3 | . . . 3 Highest Loss Streak 8 | . . . 8 To Critical Strikes 4 | . . . 4 Average Slot Usage (%) 92 | . 100 100 87 Engine 12 | . 14 14 12 Wheel 25 | . 28 28 23 Device 3 | . 10 . . Storage 11 | . 14 14 9 Processor 8 | . 3 14 10 Protection 3 | . . . 5 Ballistic Gun 24 | . 28 28 22 Launcher 1 | . . . 2 Naked Turns . | . . . . Heaviest Build 32 | 13 28 27 32 Greatest Support 20 | 20 20 20 20 Greatest Overweight (x) 2 | . 1 1 2 Average Overweight (x) . | . . 1 . Largest Inventory Capacity 15 | 8 15 15 15 Average Capacity 11 | 7 11 15 12 Most Carried 15 | 2 10 10 15 Average Carried 8 | 1 7 10 10 Final Capacity 15 | 8 15 15 5 Final Carried 10 | 2 10 10 4 Class Distribution -------------------- 100% | Mutant Dominant Class ---------------- Mutant | -10/Materials Mutant | -10/Mines Mutant | -10/Exiles Resources | -11 -10 -10 -10 ----------- Run | Yrd Mat Min Exi Matter Collected 292 | 246 10 . 36 Remotely . | . . . . Salvage Created 130 | 83 38 . 9 Parts 12 | 6 6 . . Haulers Intercepted . | . . . . Recyclers Shooed . | . . . . Parts Field Recycled . | . . . . Retrieved Matter . | . . . . Parts Self-Destructed . | . . . . Prevented . | . . . . Kills | -11 -10 -10 -10 ------- Run | Yrd Mat Min Exi Combat Hostiles Destroyed 4 | . 3 . 1 Guns 3 | . 3 . . AOE 1 | . . . 1 Classes Destroyed 4 | 2 1 . 1 Tunneler 1 | 1 . . . Recycler 1 | 1 . . . Swarmer 3 | . 3 . . Assembled 1 | . . . 1 Best Kill Streak 3 | 2 3 . 1 Combat Bots Only 3 | . 3 . 1 Max Kills in Single Turn 1 | 1 1 . 1 Gunslinging . | . . . . Exploded 1 | . . . 1 Melee . | . . . . Uniques/NPCs Destroyed . | . . . . Combat | -11 -10 -10 -10 -------- Run | Yrd Mat Min Exi Hostile Shots Fired 73 | . 21 . 52 Missed 18 | . 3 . 15 Damage Taken 900 | . 150 . 750 Core 266 | . 45 . 221 Absorbed by Shields . | . . . . Core Remaining (%) 100 | 100 . . . Volleys Fired 32 | 4 12 . 16 Largest 2 | 2 2 . 2 Hottest 50 | 40 40 . 50 Shots Fired 60 | 8 24 . 28 Gun 53 | 8 24 . 21 Cannon . | . . . . Launcher 7 | . . . 7 Special . | . . . . Kinetic 53 | 8 24 . 21 Thermal . | . . . . Explosive 7 | . . . 7 Electromagnetic . | . . . . Robot Hit Streak 7 | 7 4 . 7 Robot Miss Streak 7 | . 7 . 6 Penetration Max . | . . . . Secondary Targets 1 | . 1 . . Max Gunslinging Chain 1 | . 1 . . Shots Hit Robots 29 | 7 11 . 11 Core Hits 21 | 3 6 . 12 Critical Kills . | . . . . Critical Parts Destroyed . | . . . . Critical Strikes . | . . . . Melee Attacks . | . . . . Impact . | . . . . Slashing . | . . . . Piercing . | . . . . Sneak Attacks . | . . . . Combat Hostiles . | . . . . Follow-up Attacks . | . . . . Damage Inflicted 406 | 58 90 . 258 Guns 229 | 58 90 . 81 Cannons . | . . . . Explosions 177 | . . . 177 Melee . | . . . . Ramming . | . . . . Kinetic 229 | 58 90 . 81 Thermal . | . . . . Explosive 177 | . . . 177 Electromagnetic . | . . . . Impact . | . . . . Slashing . | . . . . Piercing . | . . . . Highest Corruption . | . . . . Average Corruption . | . . . . Corruption Purged . | . . . . Corruption Blocked . | . . . . Overload Shots . | . . . . Overflow Damage . | . . . . Projectiles . | . . . . Explosions . | . . . . Melee . | . . . . Knockbacks . | . . . . Impact . | . . . . Kinetic . | . . . . Secondary . | . . . . Self-Inflicted Damage 29 | . . . 29 Shots 1 | . . . 1 Rammed . | . . . . Targets Rammed . | . . . . Kicked . | . . . . Crushed . | . . . . Highest Temperature 38 | . . . 38 Average Temperature 16 | . . . 16 Received Heat Transfer . | . . . . Siege Activations . | . . . . Robots Corrupted . | . . . . Combat Hostiles . | . . . . Parts Fried . | . . . . Impact Corruptions . | . . . . Robots Melted . | . . . . Combat Hostiles . | . . . . Parts Melted . | . . . . Heat Transferred . | . . . . Parts Sabotaged . | . . . . Parts Stolen . | . . . . Parts Stripped . | . . . . Power Chain Reactions . | . . . . Alert | -11 -10 -10 -10 ------- Run | Yrd Mat Min Exi Peak Influence 110 | 10 110 42 . Initial 42 | . 6 42 . Average 23 | 1 25 42 . Maximum Alert Level . | . . . . Low Security (%) 100 | 100 100 100 . Level 1 . | . . . . Level 2 . | . . . . Level 3 . | . . . . Level 4 . | . . . . Level 5 . | . . . . High Security . | . . . . Max Security . | . . . . Squads Dispatched . | . . . . Investigation . | . . . . Extermination . | . . . . Reinforcement . | . . . . Assault . | . . . . Garrison . | . . . . Intercept . | . . . . Searches Triggered . | . . . . Construction Impeded . | . . . . Haulers Reinforced . | . . . . Active Scanning Responses . | . . . . Cargo Convoy Interrupts . | . . . . Stealth | -11 -10 -10 -10 --------- Run | Yrd Mat Min Exi Distress Signals . | . . . . Communications Jammed . | . . . . Distress Signals . | . . . . Times Spotted 14 | . 5 . 9 Peak Tracking Total 8 | . 3 . 8 Tactical Retreats 1 | . . . 1 Traps | -11 -10 -10 -10 ------- Run | Yrd Mat Min Exi Traps Triggered . | . . . . Indirectly . | . . . . Trap Hack Attempts . | . . . . Triggered . | . . . . Disarmed . | . . . . Reprogrammed . | . . . . Reused . | . . . . Traps Extracted . | . . . . Installed . | . . . . Triggered . | . . . . Machines | -11 -10 -10 -10 ---------- Run | Yrd Mat Min Exi Machines Disabled 4 | . . . 4 Max in Single Turn 2 | . . . 2 Machines Repaired . | . . . . Machines Dismantled . | . . . . Machines Sabotaged . | . . . . Overloaded Fab Kills . | . . . . Hacking | -11 -10 -10 -10 --------- Run | Yrd Mat Min Exi Machines Accessed 3 | . 2 . 1 Terminals 2 | . 2 . . Fabricators . | . . . . Repair Stations . | . . . . Recycling Units . | . . . . Scanalyzers . | . . . . Garrison Access . | . . . . Total Hacks 5 | . 4 . 1 Successful 2 | . 1 . 1 Failed 3 | . 3 . . Catastrophic 1 | . 1 . . Database Lockouts . | . . . . Manual 1 | . . . 1 Terminals 4 | . 4 . . Fabricators . | . . . . Repair Stations . | . . . . Recycling Units . | . . . . Scanalyzers . | . . . . Garrison Access . | . . . . Terminal Hacks 2 | . 1 . 1 Locate Traps 1 | . 1 . . Derelict Proto ID Bank 1 | . . . 1 Fabricator Hacks . | . . . . Repair Station Hacks . | . . . . Recycling Unit Hacks . | . . . . Scanalyzer . | . . . . Garrison Access Hacks . | . . . . Unauthorized Hacks . | . . . . Terminals . | . . . . Fabricators . | . . . . Repair Stations . | . . . . Recycling Units . | . . . . Scanalyzers . | . . . . Garrison Access . | . . . . Data Cores Recovered . | . . . . Used . | . . . . Hacking Detections 2 | . 2 . . Full Trace Events 1 | . 1 . . Feedback Events . | . . . . Feedback Blocked . | . . . . Robot Schematics Acquired . | . . . . Robots Built . | . . . . Authchips . | . . . . Time . | . . . . Total Robot Build Rating . | . . . . Part Schematics Acquired . | . . . . Parts Built . | . . . . Authchips . | . . . . Time . | . . . . Total Part Build Rating . | . . . . Parts Repaired . | . . . . Time . | . . . . Parts Recycled . | . . . . Recycled Matter . | . . . . Retrieved Matter . | . . . . Retrieved Components . | . . . . Parts Scanalyzed . | . . . . Part Schematics Acquired . | . . . . Parts Damaged . | . . . . Bothacking | -11 -10 -10 -10 ------------ Run | Yrd Mat Min Exi Used RIF Installer . | . . . . Robots Hacked . | . . . . Non-combat . | . . . . Combat . | . . . . Robot Hacks Applied . | . . . . Relay Couplers Released . | . . . . Fabnet Peak Effective % . | . . . . Robots Rewired . | . . . . Allies Hacked . | . . . . Hacks Repelled . | . . . . Allies | -11 -10 -10 -10 -------- Run | Yrd Mat Min Exi Total Allies . | . . . . Largest Group . | . . . . Highest-Rated Group . | . . . . Highest-Rated Ally . | . . . . Total Orders . | . . . . Ally Attacks 7 | . . . 7 Total Damage 308 | . . . 308 Kills 2 | . . . 2 Allies Corrupted . | . . . . Allies Melted 1 | . . . 1 Turrets Deployed 3 | . . . 3 Intel | -11 -10 -10 -10 ------- Run | Yrd Mat Min Exi Robot Analysis Total . | . . . . Derelict Logs Recovered . | . . . . Drone Launches . | . . . . Drone Recoveries . | . . . . Exploration | -11 -10 -10 -10 ------------- Run | Yrd Mat Min Exi Turns Passed 670 | 62 195 55 358 Spaces Moved 610 | 42 169 58 341 Core 77 | 1 . . 76 Treads . | . . . . Legs . | . . . . Wheels 533 | 41 169 58 265 Hover . | . . . . Flight . | . . . . Fastest Speed 50 | 50 80 95 50 Average Speed 86 | 79 85 95 85 Slowest Speed 150 | 80 95 95 150 Overloaded Moves . | . . . . Propulsion Burnouts . | . . . . Robots Hopped . | . . . . Cave-ins Triggered . | . . . . Time Travels 1 | . . . 1 Exploration Rate (%) 23 | 3 22 20 50 Regions Visited 3 Branch Regions 2 Pre-discovered Areas 1 | . . 1 . Known Exits Taken 2 | . 1 1 . Unknown Exits Taken 1 | 1 . . . Scrap Searched . | . . . . Spaces Dug . | . . . . Terrain Destroyed 39 | . . . 39 Melee . | . . . . Projectile . | . . . . AOE 39 | . . . 39 Terrain Rammed . | . . . . Walls Destroyed . | . . . . Machines Disabled . | . . . . Actions | -11 -10 -10 -10 --------- Run | Yrd Mat Min Exi Total 706 | 61 200 57 388 Wait 13 | 6 5 . 2 Move 607 | 41 168 57 341 Hop . | . . . . Pick Up 26 | 3 10 . 13 Fast Attach 6 | 6 . . . Attach 5 | 1 . . 4 Detach 1 | . . . 1 Swap 4 | . 2 . 2 Drop 12 | . 3 . 9 Fire 32 | 4 12 . 16 Melee . | . . . . Ram . | . . . . Kick . | . . . . Crush . | . . . . Escape Stasis . | . . . . Rewire . | . . . . Trap . | . . . . Miscellaneous . | . . . . Route ------- -11/Scrapyard -10/Materials (discovered 2 exits: *Min x2) -10/Mines -10/Exiles (discovered 1 exit: [*Min]) History --------- Turn | Location | Event 10 | -11/Scrapyard | Discovered new exit (range 15) 63 | -11/Scrapyard | Entered Materials 68 | -10/Materials | Discovered new exit (range 16) 207 | -10/Materials | Discovered new exit (range 7) 257 | -10/Materials | Identified exit to Mines 258 | -10/Materials | Entered Mines 259 | -10/Mines | Learned location of Storage (-9) 302 | -10/Mines | Build established: Mutant 308 | -10/Mines | Deemed a non-threat by the Exiles lab entrance 309 | -10/Mines | Discovered new exit (range 5) 312 | -10/Mines | Identified exit to Exiles 313 | -10/Mines | Entered Exiles 342 | -10/Exiles | Met 8R-AWN 358 | -10/Exiles | Met EX-HEX 384 | -10/Exiles | Met EX-BIN 403 | -10/Exiles | Aligned with FarCom system 404 | -10/Exiles | Given EX-Vault access code 426 | -10/Exiles | Opened EX-Vault 430 | -10/Exiles | Found Prototype Device 432 | -10/Exiles | Found Prototype Processor 437 | -10/Exiles | Found Deploy-a-Sentry 439 | -10/Exiles | Found Deploy-a-Sentry 443 | -10/Exiles | Identified 0b10 Alert Chip 443 | -10/Exiles | Identified Chronowheel 446 | -10/Exiles | Found Deploy-a-Sentry 482 | -10/Exiles | Warned to stay clear of 0b10 Research branches 529 | -10/Exiles | DAS Turret deployed 533 | -10/Exiles | DAS Turret deployed 539 | -10/Exiles | DAS Turret deployed 559 | -10/Exiles | Attacked by the Exiles 569 | -10/Exiles | Activated Chronowheel 569 | -10/Exiles | Spacetime reconverged on an earlier point 584 | -10/Exiles | Discovered new exit (range 14) 607 | -10/Exiles | Lost 3 allies 636 | -10/Exiles | Core integrity fell below 50% 671 | -10/Exiles | Core integrity fell below 20% 671 | -10/Exiles | Destroyed by DAS Turret with DAS Cannon Last Messages --------------- 00631_ Lgt. Armor Plating destroyed. 00631_ HV Slug penetrates Wall. 00633_ Penetrated by HV Slug. 00633_ HV Slug penetrates Wall. 00635_ Penetrated by HV Slug. 00635_ HV Slug penetrates Wall. 00635_ Penetrated by HV Slug. 00635_ HV Slug penetrates Wall. 00640_ HV Slug penetrates Machine. 00641_ Acquired Lrg. Storage Unit. 00642_ Acquired Lgt. Armor Plating. 00645_ The unstable cave ceiling collapses. 00645_ Acquired 2 matter. 00645_ Penetrated by HV Slug. 00645_ Critical hit (Destroy). 00645_ Lgt. Assault Rifle destroyed. 00645_ HV Slug penetrates Wall. 00646_ Acquired 20 matter. 00650_ Acquired 9 matter. 00656_ Acquired 5 matter. Map ----- +----------------------------------------------------+ | ????????????????????????????#" "X" """?????? | | ????????????????????????????#" """ #????? | | ????????????????????????????#" """""""""#????? | | ???????????????????????????##" ###########????? | | ??????????????????????????##"" #??????????????? | | ?????????????????????????##"" #??????????????? | | ?????????????????????????"""" ##?????????????? | | ???????????????????????" " "" ##???########## | | ??????????????????????"" " #####""""""""" | | ????????????????????? " " """ """ | | ??????????????????? "" " | | ???????????????????? " " | | ???????????????????? " | | ???????????????????? " | | ????????????????????? | | ?????????????? ?????? """""" | | ????????????? ?????? ######""" | | ????????????? ?????""#?????#####""" | | ???????????? ????????????????##""" | | ???????????? ????????????????#"""" | | ???????????? ??????????????##"" | | ??????????? ##?#####??####"""" | | ??????????? ##aaa####""" | | ?????????? """" | | ?????????? z | | ?????????? @ % | | ?????????? " | | ?????????? " % "" "" | | ??????????? ""## ##""" " " ""#" | | ??????????? ""#### ######""" """##""" | | ???????????? """"##??# #????###""""###### | | ???????????? """????# #??????######????? | | ???????????? ""#????! ????????????????? | | ????????????? """?????#" ???????????????? | | ????????????? ???????#" "??????????????? | | ?????????????? ?????????#!!""!"??????????????? | | ?????????????? ????????????########?????????????? | | ?????????????????????????????????????????????????? | | ?????????????????????????????????????????????????? | | ?????????????????????????????????????????????????? | | ?????????????????????????????????????????????????? | | ?????????????????????????????????????????????????? | | ?????????????????????????????????????????????????? | | ?????????????????????????????????????????????????? | | ?????????????????????????????????????????????????? | | ?????????????????????????????????????????????????? | | ?????????????????????????????????????????????????? | | ?????????????????????????????????????????????????? | | ?????????????????????????????????????????????????? | | ?????????????????????????????????????????????????? | +----------------------------------------------------+ Best States ------------- Heat Dissipation 25 Energy Generation 10 Energy Capacity 250 Matter Stores 272 Matter Capacity 300 Sight Range 16 Terrain Scan Range 16 Terrain Scan Density 10 Armor Coverage 300 Evasion (%) 50 Item Schematics ----------------- None Robot Schematics ------------------ None Fabricated ------------ Nothing Alien Tech Used ----------------- None Achievements -------------- None Challenges ------------ None Game ------ Seed KineticArmorBlaster Manual? 0 Play Time 00:12:42 Cumulative 27.5 hours Start 2024.04.09 @ 02:40:38 End 2024.04.09 @ 02:53:13 Sessions 1 Manual Loads 0 Difficulty Rogue Special Mode None Game No. 25 Rogue 25 Adventurer 0 Explorer 0 Win Type - Total 0 Types 0/0/0/0/0/0/0/0/0 Lore% 23 Gallery% 29 Achievement% 22 Wizard Run 0 Options --------- Layout 0 ASCII 0 Keyboard 0 Movement Mouse Keybinds 0 Fullscreen 1 Font 24/Smallcaps Map View 183x50 Zoom Use 0% Tactical HUD 1 Map Filters NONE Filters NONE Steam 0 RUN: a32a9a0b-c480-4250-b73a-cdd8091af34b